 Dungeon Crawl Stone Soup version 0.27.1-34-g3ba077fa99 (webtiles) character file.

Game seed: 7542275609856567548

18 cbfl8 the Sneak (level 2, -1/27 HPs)
             Began as a Minotaur Delver on Jan 22, 2022.
             Was an Initiate of Yredelemnul.
             Succumbed to a scorpion's poison
             ... on level 5 of the Dungeon.
             The game lasted 00:03:56 (1173 turns).

cbfl8 the Sneak (Minotaur Delver)                   Turns: 1173, Time: 00:03:56

Health: -1/27      AC:  5    Str: 16    XL:     2   Next: 48%
Magic:  1/1        EV: 11    Int:  7    God:    Yredelemnul [......]
Gold:   53         SH:  0    Dex: 11    Spells: 1/1 levels left

rFire    . . .     SeeInvis .   a - +0 hand axe
rCold    . . .     Faith    .   (no shield)
rNeg     . . .     Spirit   .   l - +0 ring mail
rPois    .         Reflect  .   (helmet restricted)
rElec    .         Harm     .   (no cloak)
rCorr    .         Rampage  .   (no gloves)
Will     +....                  (no boots)
Stlth    ++........             (no amulet)
HPRegen  0.09/turn              m - ring of willpower
MPRegen  0.07/turn              n - ring of flight

@: lethally poisoned (-1 -> -8), flying
A: horns 2, retaliatory headbutt
a: Renounce Religion


You were on level 5 of the Dungeon.
You worshipped Yredelemnul.
Yredelemnul was noncommittal.
You visited 1 branch of the dungeon, and saw 2 of its levels.

You collected 53 gold pieces.

Inventory:

Hand Weapons
 a - a +0 hand axe (weapon)
Missiles
 f - 65 stones (quivered)
 j - 17 arrows
 k - 20 sling bullets
 q - 8 boomerangs
Armour
 b - a +0 leather armour
 l - a +0 ring mail (worn)
Jewellery
 m - a ring of willpower (left hand)
 n - a ring of flight (right hand)
Wands
 g - a wand of digging (3)
 r - a wand of flame (19)
Scrolls
 c - a scroll of fog
 d - a scroll of magic mapping
 e - a scroll of fear
 h - a scroll of brand weapon {unknown}
 o - 2 scrolls of identify {unknown}
Potions
 i - a potion of heal wounds {unknown}
 p - a potion of ambrosia {unknown}


   Skills:
 + Level 3.9 Fighting
 + Level 2.4 Axes
 + Level 0.1 Armour
 + Level 2.4 Dodging
 + Level 4.4 Stealth


You had one spell level left.
You didn't know any spells.
Your spell library was empty.

Dungeon Overview and Level Annotations

Branches:
Dungeon (5/15)             Temple (0/1) D:5

Altars:
Dithmenos
Okawaru
Uskayaw
Wu Jian
Yredelemnul
Zin

Annotations:
D:5 Sigmund


Innate Abilities, Weirdness & Mutations

You have a pair of horns on your head.
You reflexively headbutt those who attack you in melee.


Message History

There is an open door here.
You reach down and open the door.
There is an open door here.
Found a silver wand.
r - a wand of flame (19)
You reach down and open the door.
There is an open door here.
Found an ornate altar of the Wu Jian Council.
Found 22 gold pieces.
You reach down and open the door.
A scorpion comes into view.
There is an open door here.
The scorpion stings you.
You are poisoned.
The scorpion poisons you!
You closely miss the scorpion.
You feel sick. The scorpion barely misses you. The scorpion stings you.
You are more poisoned.
The scorpion poisons you!
You completely miss the scorpion. You headbutt the scorpion.
The scorpion is lightly wounded.
You feel very sick. The scorpion misses you.
You hit the scorpion. Your headbutt misses the scorpion.
The scorpion is moderately wounded.
You feel very sick. The scorpion stings you!
* * * LOW HITPOINT WARNING * * *
The scorpion stings you.
* * * LOW HITPOINT WARNING * * *
Unknown command.
You closely miss the scorpion. You headbutt the scorpion!
The scorpion is severely wounded.
* * * LOW HITPOINT WARNING * * *
You feel sick.
The scorpion stings you but does no damage.
You hit the scorpion but do no damage.
The scorpion is severely wounded.
You die...
Your body rises from the dead as a mindless zombie.

# .. ###'###### #######..
..#.......$........... ##
..#....... ........... .#
.'...... .......... .#
#..... ......... .#
#....#######.......# .#
#..s.#.....#.......# .#
#..@.#.....##'###... .#
#....'.............# .#
##....#.######......# .#
#....##.##..#######.. .#
#....+......#........ <#
#....#......#......## ##
#....#......'......#.
###+#....#.###..#......#.
#.......##.######......#.


You could see a scorpion.

Vanquished Creatures
  An adder (D:5)
  An ufetubus (D:5)
  An orc (D:5)
  A ball python (D:4)
4 creatures vanquished.

Notes
Turn   | Place    | Note
-------+----------+-------------------------------------------
     0 | D:5      | cbfl8 the Minotaur Delver began the quest for the Orb.
     0 | D:5      | Reached XP level 1. HP: 19/19 MP: 0/0
    31 | D:5      | Found a shadowy altar of Dithmenos.
    35 | D:5      | Found a glowing silver altar of Zin.
    40 | D:5      | Found a hide-covered altar of Uskayaw.
    40 | D:5      | Found an iron altar of Okawaru.
   133 | D:5      | Noticed Sigmund
   165 | D:5      | Found a staircase to the Ecumenical Temple.
   327 | D:4      | Noticed a black bear
   454 | D:5      | Noticed a scorpion
   474 | D:5      | Found a basalt altar of Yredelemnul.
   488 | D:5      | Became a worshipper of Yredelemnul the Dark
   526 | D:5      | Reached XP level 2. HP: 7/27 MP: 1/1
  1136 | D:5      | Found an ornate altar of the Wu Jian Council.
  1165 | D:5      | Noticed a scorpion
  1172 | D:5      | HP: 1/27 [poisoned by a scorpion]
  1173 | D:5      | Succumbed to a scorpion's poison

Illustrated notes

Levels and vault maps discovered:
D:4:      layout_loops_ring, pf_just_have_faith, minmay_manual_monstrance
D:5:      layout_gridville, minitemple, mainiacjoe_overflow_small_starburst,
          general_overflow_altar, minmay_temple_entry_statues, uniq_sigmund

Action                   || total
-------------------------++-------
Melee: Hand axe          ||    20
       Headbutt          ||     4
  Use: Potion            ||     1
Armor: Ring mail         ||     9
Dodge: Dodged            ||    16
